 Dungeon Crawl Stone Soup version 0.30-a0-439-g9e77e4d916 (webtiles) character file.

Game seed: 10797425734674325429

2 airbud the Cudgeller (level 1, -1/17 HPs)
             Began as a Meteoran Reaver on Dec 10, 2022.
             Slain by a kobold
             ... wielding a +0 short sword
              (4 damage)
             ... on level 1 of the Dungeon.
             The game lasted 00:01:32 (32 turns).

airbud the Cudgeller (Meteoran Reaver)                Turns: 32, Time: 00:01:33

Health: -1/17      AC:  3    Str: 13    XL:     1   Next: 57%
Magic:  5/5        EV: 12    Int: 14    God:
Gold:   0          SH:  0    Dex: 12    Spells: 4/5 levels left

rFire   . . .      SeeInvis .    a - +0 mace
rCold   . . .      Faith    .    (no shield)
rNeg    . . .      Spirit   .    b - +0 leather armour
rPois   .          Reflect  .    (no helmet)
rElec   .          Harm     .    (no cloak)
rCorr   .          Rampage  .    (no gloves)
Will    .....                    (no boots)
Stlth   +.........               (no amulet)
HPRegen 0.22/turn                (no ring)
MPRegen 0.09/turn                (no ring)

@: glowing
A: sense surroundings 1, otherworldly, glowing, explore regen
a: no special abilities


You were on level 1 of the Dungeon.
You visited 1 branch of the dungeon, and saw 1 of its levels.

Inventory:

Hand Weapons
 a - a +0 mace (weapon)
Armour
 b - a +0 leather armour (worn)


   Skills:
 + Level 2.2 Fighting
 + Level 4.1 Maces & Flails
 + Level 2.4 Dodging
 + Level 2.7 Spellcasting
 + Level 3.7 Conjurations


You had 4 spell levels left.
You knew the following spells:

 Your Spells              Type           Power      Damage    Failure   Level
a - Kiss of Death         Conj/Necr      28%        2d7       13%         1

Your spell library contained the following spells:

 Spells                   Type           Power      Damage    Failure   Level
 Momentum Strike          Conj/Tloc      14%        3d8       21%         2
 Hailstorm                Conj/Ice       7%         3d4       36%         3


Dungeon Overview and Level Annotations

Branches:
Dungeon (1/15) Zot: 564

Altars:


Innate Abilities, Weirdness & Mutations

You passively map a small area around you.
You are easily found by Zot.
You glow in the dark.
You regain HP and MP as you explore.


Message History

Press ? for a list of commands and other information.
A goblin comes into view. It is wielding a +0 dagger.
Found 4 stones.
The goblin shouts!
You hear a shout!
A goblin comes into view. It is wielding a +0 club.
There are monsters nearby!
You miss the goblin.
The goblin hits the plant with a +0 dagger.
The plant begins to die.
The goblin closely misses you.
You closely miss the goblin.
The goblin hits the plant with a +0 dagger.
You closely miss the goblin. The goblin completely misses you.
The goblin barely misses you.
You closely miss the goblin.
A nearby plant withers and dies.
The goblin barely misses you.
You hit the goblin.
You kill the goblin!
You sock the goblin!
You kill the goblin!
You hit the goblin.
You kill the goblin!
A kobold comes into view. It is wielding a +0 short sword.
Items here: ))) †.
Found a scroll labelled KEAQ LIXKULY.
Found a faded altar of an unknown god.
You hit the kobold but do no damage.
The kobold hits you with a +0 short sword.
You closely miss the kobold.
The kobold hits you with a +0 short sword.
You closely miss the kobold.
The kobold hits you with a +0 short sword. x2
* * * LOW HITPOINT WARNING * * *
You hit the kobold but do no damage.
The kobold hits you with a +0 short sword.
* * * LOW HITPOINT WARNING * * *
The kobold attacks as you move away! The kobold closely misses you.
Items here: ))) †.
You hit the kobold.
The kobold is moderately wounded.
The kobold hits you with a +0 short sword.
You die... ♣♣♣♣♣♣♣♣♣ ♣.......♣ ♣.PPPPP.♣

♣.P~~~P.♣
#########♣.P~8~P.♣ ,
, ,
...........P~~~P.♣
,* ,#####..♣.PPPPP.♣
.##.#####.#♣<......♣
(.......@..♣♣♣♣♣♣♣♣♣
..######K##...# ,,
#.P....~...#P.#
......P....#..# ,
.#...P....#PP.# *
#P.P.⌠⌠..#P..# ,
,#PP...~.P# .##
.....P...P# #
##..#..#.#. ,


You could see a kobold.

Vanquished Creatures
  3 goblins (D:1)
3 creatures vanquished.

Vanquished Creatures (others)
  A plant (D:1)
1 creature vanquished.

Grand Total: 4 creatures vanquished

Notes
Turn   | Place    | Note
-------+----------+-------------------------------------------
     0 | D:1      | airbud the Meteoran Reaver began the quest for the Orb.
     0 | D:1      | Reached XP level 1. HP: 17/17 MP: 5/5
     8 | D:1      | Upgraded the game from 0.30-a0-424-g7412bad402 to
                  | 0.30-a0-439-g9e77e4d916
    23 | D:1      | Found a faded altar of an unknown god.
    32 | D:1      | Slain by a kobold

Illustrated notes

Levels and vault maps discovered:
D:1:      tarquinn_simple_flora_water_a, layout_basic,
          shapermc_ecumenical_altar_mp_ritualfount, minmay_misc_feat_square

Action                   || total
-------------------------++-------
Melee: Mace              ||    12
Dodge: Dodged            ||     5

Table legend: (Time is in decaauts)
 A = Elapsed time spent in this place.
 B = Non-inter-level travel time spent in this place.
 C = Inter-level travel time spent in this place.
 D = Time resting spent in this place.
 E = Time spent auto-exploring this place.
 F = Levels seen in this place.
 G = Mean time per level.
                   A        B        C        D        E       F      G
               +--------+--------+--------+--------+--------+-----+--------+
         Total |     34 |     34 |      0 |      0 |      7 |   1 |   34.0 |
       Dungeon |     34 |     34 |      0 |      0 |      7 |   1 |   34.0 |
               +--------+--------+--------+--------+--------+-----+--------+

Top non-repeatable levels by time:
     D:1: 34 daAuts
